 Dungeon Sprint DCSS version 0.29-a0-8-g0446c0dae4 (webtiles) character file.

Game seed: 16065014328154201818

25 innerfire433 the Twirler (level 2, -2/21 HPs)
             Began as a Demonspawn Wanderer on Jan 27, 2022.
             Slain by a yak (14 damage)
             ... in the Dungeon (Sprint I: "Red Sonja").
             The game lasted 00:00:44 (20 turns).

innerfire433 the Twirler (Demonspawn Wanderer)        Turns: 20, Time: 00:00:45

Health: -2/21      AC:  4    Str: 12    XL:     2   Next: 82%
Magic:  2/2        EV: 12    Int:  9    God:
Gold:   0          SH:  0    Dex: 16    Spells: 1/1 levels left

rFire   . . .      SeeInvis .   a - +2 quarterstaff
rCold   . . .      Faith    .   (shield currently unavailable)
rNeg    . . .      Spirit   .   e - +0 leather armour
rPois   .          Reflect  .   (no helmet)
rElec   .          Harm     .   (no cloak)
rCorr   .          Rampage  .   d - +0 pair of gloves
Will    .....      NoTele   +   (no boots)
Stlth   +.........              (no amulet)
HPRegen 0.07/turn               (no ring)
MPRegen 0.08/turn               (no ring)

@: on berserk cooldown, slowed, very slow
A: powered by pain 1
a: no special abilities


You were in the Dungeon.
You visited 1 branch

Inventory:

Hand Weapons
 a - a +2 quarterstaff (weapon)
 b - a +0 shortbow
Missiles
 c - 29 arrows
Armour
 d - a +0 pair of gloves (worn)
 e - a +0 leather armour (worn)
Wands
 j - a wand of digging (2)
Scrolls
 k - a scroll of blinking
Potions
 f - a potion of curing
 g - a potion of heal wounds
 h - a potion of haste
 i - 2 potions of magic
 l - a potion of resistance {unknown}


   Skills:
 + Level 1.1 Fighting
 * Level 4.4 Staves
 - Level 4.3 Bows
 - Level 2.4 Dodging
 * Level 1.0 Evocations


You had one spell level left.
You didn't know any spells.
Your spell library was empty.

Dungeon Overview and Level Annotations

Branches:
Dungeon (1/1)

Altars:
Cheibriados
Dithmenos
Elyvilon
Fedhas
Gozag
Hepliaklqana
Kikubaaqudgha
Nemelex Xobeh
Okawaru
Qazlal
Ru
Trog
Uskayaw
Yredelemnul
Zin
The Shining One

Shops:
D [


Innate Abilities, Weirdness & Mutations

You sometimes gain a little power by taking damage.


Message History

There is an open door here.
You thump Ijyb!
Ijyb is moderately wounded.
Ijyb hits you but does no damage.
You bludgeon Ijyb!!
You kill Ijyb!
Your Staves skill gained 2 levels and is now at level 4!
Your Bows skill gained 2 levels and is now at level 4!
Your Dodging skill increases to level 2!
You have reached level 2!
Your demonic ancestry asserts itself...
You feel energised by your suffering.
You don't know any spells.
Your library has no spells.
j - a wand of digging (3);
l - a glowing pink potion
Things that are here:
a +0 dagger; a +0 leather armour You feel a strong urge to attack something.
You are no longer berserk.
You are exhausted.
You feel yourself slow down.
Aiming: Dig
Press: ? - help, Shift-Dir - straight line A rock wall.
The rock shatters into small pieces.
Found Zaahakh's Armour Emporium.
Found eleven altars.
Found a hide-covered altar of Uskayaw.
Found a hazy altar of Hepliaklqana and a sparkling altar of Nemelex Xobeh.
A yak comes into view.
Found a blossoming altar of Fedhas and a stormy altar of Qazlal.
There is a glowing silver altar of Zin here.
There is a white marble altar of Elyvilon here.
The yak bellows!
There is a glowing golden altar of the Shining One here.
The yak gores you but does no damage.
There is an iron altar of Okawaru here.
There is a glowing golden altar of the Shining One here.
You hit the yak but do no damage. The yak gores you. The yak gores you!
Ouch! That really hurt!
You die...

#######
#<.#..+
#..').#
#..##.#
#..##.#
#..#__####
#..#@Y___#
#⌠⌠#_.∩...+
####_..__##
#_____#
#######


You could see a yak.

Vanquished Creatures
  Ijyb (D)
1 creature vanquished.

Notes
Turn   | Place    | Note
-------+----------+-------------------------------------------
     0 | D        | innerfire433 the Demonspawn Wanderer began the quest for
                  | the Orb.
     0 | D        | innerfire433 set off with the following items: a +2
                  | quarterstaff, a +0 shortbow, 29 arrows, a +0 pair of
                  | gloves, a +0 leather armour, a potion of curing, a potion
                  | of heal wounds, a potion of haste, 2 potions of magic, a
                  | potion of berserk rage, a scroll of blinking
     0 | D        | Reached XP level 1. HP: 15/15 MP: 1/1
     2 | D        | Noticed Ijyb
     6 | D        | Killed Ijyb
     7 | D        | Gained mutation: You sometimes gain a little power by
                  | taking damage. [demonic ancestry]
     7 | D        | Reached XP level 2. HP: 21/21 MP: 2/2
    12 | D        | Found an iron altar of Okawaru.
    12 | D        | Found a bloodstained altar of Trog.
    12 | D        | Found Zaahakh's Armour Emporium.
    12 | D        | Found an ancient bone altar of Kikubaaqudgha.
    12 | D        | Found a basalt altar of Yredelemnul.
    12 | D        | Found a sacrificial altar of Ru.
    12 | D        | Found a snail-covered altar of Cheibriados.
    12 | D        | Found a shadowy altar of Dithmenos.
    12 | D        | Found an opulent altar of Gozag.
    13 | D        | Found a hide-covered altar of Uskayaw.
    14 | D        | Found a hazy altar of Hepliaklqana.
    14 | D        | Found a sparkling altar of Nemelex Xobeh.
    15 | D        | Found a blossoming altar of Fedhas.
    15 | D        | Found a stormy altar of Qazlal.
    15 | D        | Noticed a yak
    20 | D        | Slain by a yak

Illustrated notes

Levels and vault maps discovered:
D:        dungeon_sprint_1 [red_sonja_temple_1, red_sonja_temple_small_1]

Skill      XL: |  1 |
---------------+----+-----
Staves         | 4 |  4.4
Bows           | 4 |  4.3
Dodging        | 2 |  2.4
Fighting       | |  1.1
Evocations     | |  1.0

Action                   || total
-------------------------++-------
Melee: Quarterstaff      ||     3
Evoke: Wand              ||     1
  Use: Potion            ||     1
Armor: Leather armour    ||     2

Table legend: (Time is in decaauts)
 A = Elapsed time spent in this place.
 B = Non-inter-level travel time spent in this place.
 C = Inter-level travel time spent in this place.
 D = Time resting spent in this place.
 E = Time spent auto-exploring this place.
 F = Levels seen in this place.
 G = Mean time per level.
                   A        B        C        D        E       F      G
               +--------+--------+--------+--------+--------+-----+--------+
         Total |     22 |     22 |      0 |      0 |      0 |   1 |   22.0 |
       Dungeon |     22 |     22 |      0 |      0 |      0 |   1 |   22.0 |
               +--------+--------+--------+--------+--------+-----+--------+

Top non-repeatable levels by time:
       D: 22 daAuts
